 Dungeon Crawl Stone Soup version 0.24-a0-537-g2d01d4ab0a (webtiles) character file.

Game seed: 5685285228380726488

67 Mithandil the Skirmisher (level 3, -3/26 HPs)
             Began as a Demonspawn Abyssal Knight on Aug 15, 2019.
             Was a Believer of Lugonu.
             Slain by an orc priest
             ... wielding a +0 club
              (4 damage)
             ... on level 3 of the Dungeon.
             The game lasted 00:10:31 (1430 turns).

Mithandil the Skirmisher (DsAK)                     Turns: 1430, Time: 00:10:32

Health: -3/26      AC:  6    Str: 12 (13) XL:     3   Next: 98%
Magic:  5/5        EV:  9    Int: 12 (13) God:    Lugonu [**....]
Gold:   92         SH:  0    Dex: 12      Spells: 2/2 levels left

rFire    . . .     SeeInvis .   a - +1 falchion
rCold    + . .     Gourm    +   (no shield)
rNeg     . . .     Faith    .   e - +0 scale mail
rPois    +         Spirit   .   (helmet restricted)
rElec    .         Reflect  .   (no cloak)
rCorr    +         Harm     .   (no gloves)
MR       .....                  (no boots)
Stlth    ..........             p - amulet of the gourmand
HPRegen  0.08/turn              k - +6 ring of slaying
MPRegen  0.09/turn              f - ring of resist corrosion

@: no status effects
A: antennae 1, cold resistance 1, frail 1, high mp 1, poison resistance, spiny 1
a: Depart the Abyss, Bend Space, Renounce Religion


You were on level 3 of the Dungeon.
You worshipped Lugonu.
Lugonu was pleased with you.
You were completely stuffed.

You visited 1 branch of the dungeon, and saw 3 of its levels.
You visited the Abyss 1 time.

You collected 92 gold pieces.

Inventory:

Hand Weapons
 a - a +1 falchion (weapon)
 b - a +0 hunting sling
 i - a +0 hand axe
 o - a +0 short sword
 r - a +0 mace
Missiles
 h - 14 arrows
 j - 106 stones (quivered)
 m - 16 bolts
Armour
 e - a +0 scale mail (worn)
Jewellery
 f - a ring of resist corrosion (right hand)
 k - a +6 ring of slaying (left hand)
 p - an amulet of the gourmand (around neck)
Scrolls
 g - a scroll of enchant weapon {unknown}
 l - 2 scrolls of teleportation {unknown}
 n - 2 scrolls of enchant armour {unknown}
Potions
 d - a potion of might {unknown}
Comestibles
 c - 6 rations


   Skills:
 + Level 3.2 Fighting
 * Level 2.4 Long Blades
 + Level 0.4 Slings
 + Level 2.2 Armour
 + Level 1.3 Dodging
 + Level 0.8 Stealth
 + Level 0.7 Unarmed Combat
 + Level 3.0 Invocations


You had 2 spell levels left.
You didn't know any spells.
Your spell library was empty.

Dungeon Overview and Level Annotations

Branches:
Dungeon (3/15)

Altars:

Annotations:
D:2 Sigmund


Innate Abilities, Weirdness & Mutations

You have a pair of small antennae on your head.
You are partially covered in sharp spines.
Your flesh is cold resistant. (rC+)
You are frail. (-10% HP)
You have an increased reservoir of magic. (+10% MP)
Your system is resistant to poisons. (rPois)


Message History

Things that are here:
5 boomerangs; a +0 leather armour The orc priest calls down the wrath of Beogh upon you.
Beogh smites you!
* * * LOW HITPOINT WARNING * * *
You barely miss the orc priest.
The orc priest casts a cantrip, but nothing happens.
A giant cockroach comes into view.
You hit the orc priest.
The orc priest is lightly wounded.
The orc priest is struck by your spines.
The orc priest hits you with a +0 club.
* * * LOW HITPOINT WARNING * * *
You hit the orc priest but do no damage.
The orc priest is moderately wounded.
The orc priest begins to cast a cantrip, but forgets the words!
You hit the orc priest.
The orc priest is heavily wounded.
The orc priest hits you with a +0 club.
You die...

......# ......#
......# ......'
......#
########.......
#......os......
###.#....@..#
#.#.#.#.#..(#.#
..........†.# #
.#.#.#.#)#÷..#
.......[<)#.....+
.#.#.#.#)#####.##
.........# .#
#.#.#.#.## #
......##


You could see an orc priest and a giant cockroach.

Vanquished Creatures
  A worm (D:3)
  2 dart slugs (D:1)
  A leopard gecko (D:1)
  6 orcs (D:3)
  A ball python (D:3)
  4 giant cockroaches
  9 hobgoblins
  2 jackals (D:3)
  7 kobolds
  A quokka (D:3)
  7 bats
  2 goblins (D:1)
  3 rats
46 creatures vanquished.

Notes
Turn   | Place    | Note
-------+----------+-------------------------------------------
     0 | Abyss:1  | Mithandil the Demonspawn Abyssal Knight began the quest for
                  | the Orb.
     0 | Abyss:1  | Reached XP level 1. HP: 18/18 MP: 2/2
   103 | Abyss:1  | Noticed an eye of draining
   104 | D:1      | Escaped the Abyss
   145 | D:1      | Reached skill level 1 in Dodging
   315 | D:1      | Gained mutation: You have a pair of small antennae on your
                  | head. [demonic ancestry]
   315 | D:1      | Reached XP level 2. HP: 24/24 MP: 3/3
   392 | D:1      | Reached * piety under Lugonu
   558 | D:1      | Gained mutation: You have an increased reservoir of magic.
                  | (+10% MP) [potion of mutation]
   558 | D:1      | Gained mutation: You are frail. (-10% HP) [potion of
                  | mutation]
   558 | D:1      | Gained mutation: Your flesh is cold resistant. (rC+)
                  | [potion of mutation]
   558 | D:1      | Gained mutation: Your system is resistant to poisons.
                  | (rPois) [potion of mutation]
   617 | D:3      | Gained mutation: You are partially covered in sharp spines.
                  | [demonic ancestry]
   617 | D:3      | Reached XP level 3. HP: 22/26 MP: 5/5
   991 | D:1      | Reached ** piety under Lugonu
  1344 | D:2      | Noticed Sigmund
  1428 | D:3      | HP: 1/26 [orc priest/+0 club (1)]
  1430 | D:3      | Slain by an orc priest

Levels and vault maps discovered:
D:1:      dpeg_arrival_water_temple_mockup, layout_loops_ring
D:2:      layout_rooms, serial_glass, glass_columns_c, glass_columns_a,
          due_unseen_surprise, uniq_sigmund
D:3:      layout_basic, nicolae_overflow_hidden_temple, st_stairs_12,
          uniq_robin, uniq_terence

Skill      XL: |  1  2  3 |
---------------+----------+-----
Dodging        | 1 |  1.3
Long Blades    | 2 |  2.4
Armour         | 2 |  2.2
Invocations    | 3 |  3.0
Fighting       | |  3.2
Slings         | |  0.4
Stealth        | |  0.8
Unarmed Combat | |  0.7

Action                   || total
-------------------------++-------
Melee: Falchion          ||    78
Invok: Depart the Abyss  ||     1
  Use: Potion            ||     5
       Scroll            ||     4
  Eat: Chunk             ||    22
Armor: Scale mail        ||    39
Dodge: Dodged            ||    44
       Rpst.: Falchion   ||    16

Table legend:
 A = Non-vault XP
 B = Vault XP
 C = Vault XP percentage of total XP
 D = Non-vault monster count
 E = Vault monster count
 F = Vault count percentage of total count
                 A         B        C        D         E       F
            +---------+---------+-------+---------+---------+-------
      Total |      94 |       2 |   2.1 |      45 |       1 |   2.2
            +---------+---------+-------+---------+---------+-------
        D:1 |      53 |       0 |   0.0 |      28 |       0 |   0.0
        D:2 |       1 |       0 |   0.0 |       1 |       0 |   0.0
        D:3 |      40 |       2 |   4.8 |      16 |       1 |   5.9
            +---------+---------+-------+---------+---------+-------
